 Dungeon Crawl Stone Soup version 0.28.0-47-ge53b351184 (webtiles) character file.

Game seed: 5470026437927976386

2159 pkoi the Destroyer (level 8, -1/57 HPs)
             Began as a Demigod Conjurer on Apr 29, 2022.
             Succumbed to a water moccasin's poison
             ... on level 6 of the Dungeon.
             The game lasted 00:12:28 (8720 turns).

pkoi the Destroyer (Demigod Conjurer)               Turns: 8720, Time: 00:12:29

Health: -1/57      AC:  3    Str:  5 (8)  XL:     8   Next: 85%
Magic:  1/16       EV: 12    Int: 27 (28) God:
Gold:   174        SH:  0    Dex:  9 (12) Spells: 3/14 levels left

rFire   . . .      SeeInvis .   g - +4 dagger (venom)
rCold   . . .      Faith    .   (no shield)
rNeg    . . .      Spirit   .   r - +0 robe {Will+}
rPois   .          Reflect  .   (no helmet)
rElec   .          Harm     .   h - +0 cloak
rCorr   .          Rampage  .   (no gloves)
Will    +....                   (no boots)
Stlth   ++........              (no amulet)
HPRegen 0.19/turn               (no ring)
MPRegen 0.15/turn               (no ring)

@: brilliant, lethally poisoned (-1 -> -21)
A: high MP 1, forlorn, divine attributes, wild magic 1, inability to read while
threatened, sturdy frame 1
a: no special abilities


You were on level 6 of the Dungeon.
You visited 1 branch of the dungeon, and saw 6 of its levels.
You also visited: Sewer.

You collected 174 gold pieces.

Inventory:

Hand Weapons
 c - a +0 dagger
 e - a +2 short sword of speed
 f - a +1 mace of draining
 g - a +4 dagger of venom (weapon)
 w - a +4 dagger
Missiles
 v - 3 throwing nets
Armour
 a - a +1 robe
 h - a +0 cloak (worn)
 r - a +0 robe of willpower (worn)
Jewellery
 A - a ring of positive energy
Wands
 n - a wand of paralysis (12)
 z - a wand of flame (49)
Scrolls
 i - a scroll of identify
 k - a scroll of teleportation
 l - 4 scrolls of summoning
 o - 4 scrolls of enchant weapon
 p - a scroll of fog
 y - a scroll of enchant armour
 B - a scroll of magic mapping
Potions
 b - 2 potions of might
 d - a potion of invisibility
 m - a potion of ambrosia
 s - a potion of flight
 u - 2 potions of haste


   Skills:
 - Level 1.7 Dodging
 - Level 1.7 Stealth
 + Level 3.6 Spellcasting
 + Level 8.7 Conjurations
 + Level 3.8 Hexes
 + Level 5.3 Translocations


You had 3 spell levels left.
You knew the following spells:

 Your Spells              Type           Power      Damage    Failure   Level
a - Magic Dart            Conj           100%       1d8       1%          1
b - Searing Ray           Conj           100%       2d8       1%          2
c - Iskenderun's Mystic   Conj/Tloc      70%        2d14      8%          4
d - Fulminant Prism       Conj/Hex       33%        3d16      10%         4

Your spell library contained the following spells:

 Spells                   Type           Power      Damage    Failure   Level
 Apportation              Tloc           100%       N/A       1%          1
 Dazzling Flash           Conj/Hex       100%       N/A       3%          3
 Alistair's Intoxication  Tmut/Pois      6%         N/A       95%         5


Dungeon Overview and Level Annotations

Branches:
Dungeon (6/15)              Sewer (visited)
 Temple: D:4-7

Shops:
D:5 *

Annotations:
D:4 Dowan, Duvessa


Innate Abilities, Weirdness & Mutations

You have an increased reservoir of magic. (+10% MP)
You shall have no god before yourself.
Your divine heritage dramatically boosts your attributes as you level up.
Your spells are a little harder to cast, but a little more powerful.
You sometimes lose the ability to read scrolls when taking damage.
Your movements are slightly less encumbered by armour. (ER -2)


Message History

* * * LOW HITPOINT WARNING * * *
You feel very sick. The water moccasin bites you.
* * * LOW HITPOINT WARNING * * *
You are more poisoned.
The water moccasin poisons you!
It was a potion of mutation.
You feel extremely strange.
You feel less in control of your magic.
You lose the ability to read scrolls when threatened.
You feel less encumbered by your armour.
* * * LOW HITPOINT WARNING * * *
You feel extremely sick. The water moccasin misses you.
The water moccasin barely misses you.
You feel much better.
* * * LOW HITPOINT WARNING * * *
You feel very sick. The water moccasin bites you.
* * * LOW HITPOINT WARNING * * *
You are more poisoned.
The water moccasin poisons you!
It was a potion of brilliance.
You feel clever all of a sudden.
* * * LOW HITPOINT WARNING * * *
You feel extremely sick. The water moccasin misses you.
It was a potion of degeneration.
There was something very wrong with that liquid.
You feel weakened.
You feel dopey.
You feel clumsy.
* * * LOW HITPOINT WARNING * * *
You feel very sick. The water moccasin barely misses you.
The water moccasin bites you.
You feel threatened and lose the ability to read scrolls!
* * * LOW HITPOINT WARNING * * *
Aiming: Magic Dart (safe; 1% risk of failure)
Press: ? - help, Q - select action, (/) - cycle Shift-Dir - straight line, f - water moccasin
Aim: a water moccasin (heavily wounded, 100% to hit)
You feel a surge of power!
The magic dart hits the water moccasin.
The water moccasin is severely wounded.
You can read scrolls again.
You die...

...........# #...##
.....>.....# ##.###
...........# #..#
......)....##### #.##
..)#..####.....# #.#
.#.#..# #####.### #>#
......# #...# #.#
......# ###S###.#
......# #@#...#
......##########...###
....................#
.....##.............#
.....###.........#..#
.....#........##.##
#..........##.###
###...(....#....###
#[...............#


You could see a water moccasin.

Vanquished Creatures
  Pikel (D:4)
  Grinder (D:4)
  Sigmund (D:6)
  Menkaure (D:6)
  Pargi (Sewer)
  2 ice beasts (D:5)
  A black bear (D:5)
  An ogre (D:6)
  A centaur (D:6)
  3 lemures (D:4)
  A water moccasin zombie (D:5)
  2 hounds
  A jelly (D:6)
  3 iguanas
  Jessica (D:3)
  6 orc wizards
  7 gnolls (D:5)
  5 adders
  A river rat (D:3)
  An ufetubus (D:4)
  A worm (D:2)
  A dart slug (D:3)
  20 orcs
  11 endoplasms
  4 giant cockroaches
  9 hobgoblins
  14 jackals
  2 quokkas
  13 ball pythons
  6 bats
  9 frilled lizards
  14 goblins
  14 kobolds
  6 rats
165 creatures vanquished.

Vanquished Creatures (others)
  5 fulminant prisms
  A fungus (D:2)
  10 plants
16 creatures vanquished.

Grand Total: 181 creatures vanquished

Notes
Turn   | Place    | Note
-------+----------+-------------------------------------------
     0 | D:1      | pkoi the Demigod Conjurer began the quest for the Orb.
     0 | D:1      | Reached XP level 1. HP: 14/14 MP: 5/5
   523 | D:1      | Reached skill level 4 in Conjurations
   745 | D:1      | Reached XP level 2. HP: 19/20 MP: 4/7
  1673 | D:2      | Reached XP level 3. HP: 26/26 MP: 0/8
  1774 | D:2      | Learned a level 2 spell: Searing Ray
  2003 | D:2      | Reached skill level 5 in Conjurations
  2439 | D:2      | Reached XP level 4. HP: 33/33 MP: 5/9
  2700 | D:3      | Noticed Jessica
  2706 | D:3      | Killed Jessica
  2862 | D:3      | Reached skill level 6 in Conjurations
  2862 | D:3      | Reached XP level 5. HP: 25/38 MP: 1/10
  2900 | D:3      | Found a glowing drain.
  2917 | Sewer    | Entered a sewer
  3199 | Sewer    | Noticed Pargi
  3210 | Sewer    | Killed Pargi
  4036 | D:3      | Learned a level 4 spell: Iskenderun's Mystic Blast
  4151 | D:4      | Reached XP level 6. HP: 45/45 MP: 6/11
  4160 | D:4      | Reached skill level 7 in Conjurations
  4169 | D:4      | Reached skill level 1 in Translocations
  4387 | D:4      | Noticed Pikel
  4519 | D:4      | Killed Pikel
  4520 | D:4      | Reached XP level 7. HP: 33/50 MP: 9/14
  4627 | D:4      | Learned a level 4 spell: Fulminant Prism
  4643 | D:4      | Noticed Grinder
  4653 | D:4      | Killed Grinder
  4654 | D:4      | Reached skill level 1 in Hexes
  5227 | D:4      | Noticed Duvessa
  5227 | D:4      | Noticed Dowan
  5252 | D:5      | Entered Level 5 of the Dungeon
  6091 | D:5      | Reached skill level 8 in Conjurations
  6091 | D:5      | Reached XP level 8. HP: 43/57 MP: 15/15
  7183 | D:5      | Found Ysuclo's Neck Hole.
  7470 | D:6      | Noticed Menkaure
  7473 | D:6      | Killed Menkaure
  7480 | D:6      | Noticed Sigmund
  7486 | D:6      | Killed Sigmund
  7487 | D:6      | Reached skill level 5 in Translocations
  8716 | D:6      | Gained mutation: Your spells are a little harder to cast,
                  | but a little more powerful. [potion of mutation]
  8716 | D:6      | Gained mutation: You sometimes lose the ability to read
                  | scrolls when taking damage. [potion of mutation]
  8716 | D:6      | Gained mutation: Your movements are slightly less
                  | encumbered by armour. (ER -2) [potion of mutation]
  8720 | D:6      | Succumbed to a water moccasin's poison

Illustrated notes

Levels and vault maps discovered:
D:1:      lightli_arrival_noodles, layout_rooms, minivault_23, minivault_19,
          serial_bayou_pond_a
D:2:      layout_rooms, shapermc_ecumenical_altar_mp_urbaneastern,
          grunt_ministairs_12, amcnicky_mini_corridor_feature
D:3:      minmay_evil_eye, layout_basic, portal_sewer_entry_e, uniq_jessica
D:4:      due_chaos_kobolds, layout_loops_ring, uniq_grinder, uniq_pikel,
          uniq_duvessa
D:5:      corexii_shantytown, layout_basic, nicolae_shop_sticking_my_neck_out
D:6:      layout_rooms, minmay_stone_trees_small, kennysheep_generic_room_16,
          uniq_menkaure, uniq_prince_ribbit1, uniq_sigmund

Skill      XL: |  1  2  3  4  5  6  7  8 |
---------------+-------------------------+-----
Conjurations   | 4 5 6 7 8 |  8.7
Spellcasting   | 3 |  3.6
Translocations | 3 4 5 |  5.3
Hexes          | 1 3 |  3.8
Dodging        | |  1.7
Stealth        | |  1.7

Action                   |  1- 3 |  4- 6 |  7- 9 || total
-------------------------+-------+-------+-------++-------
Melee: Unarmed           |     7 |       |       ||     7
       Dagger            |     4 |    46 |    45 ||    95
       Punch             |       |       |     1 ||     1
 Cast: Magic Dart        |   109 |    49 |    72 ||   230
       Searing Ray       |     1 |    11 |    12 ||    24
       Fulminant Prism   |       |       |     5 ||     5
       Iskenderun's Myst |       |       |     6 ||     6
  Use: Scroll            |       |    11 |     2 ||    13
       Potion            |       |     2 |     4 ||     6
 Stab: Sleeping          |       |       |     2 ||     2
Armor: Robe              |     8 |    19 |    10 ||    37
Dodge: Dodged            |    21 |    44 |    57 ||   122
